AoeStats
← DRdaykhair

Yucatan

510353279Analyzed
2v2 RM · 1d ago on Sep 30, 2026· 47m 34s· 4 players
Game mode
Random Map
Map size
Medium (4 player)
Population
200
Speed
Normal
Resources
Standard
Victory
Conquest
Starting age
Dark Age
Ending age
Imperial Age
RankedLock teamsTeams togetherTeam positionsShared explorationLock speedFull tech treeHidden civsTurbo modeCheats
Victory
Defeat
🇺🇦 Poles · Ukraine
656
+5
🇺🇸 Aztecs · United States
625
+5
🇨🇦 Celts · Canada
409
-6
🇺🇸 Britons · United States
282
-4
DRdaykhair
0:48 Loom
14:37 Feudal Age
16:03 Wheelbarrow
15:15 Town Watch
15:24 Double-Bit Axe
18:09 Gold Mining
18:11 Stone Mining
19:58 Fletching
20:08 Padded Archer Armor
20:09 Scale Mail Armor
20:20 Forging
20:15 Scale Barding Armor
22:38 Horse Collar
35:23 Castle Age
36:42 Hand Cart
36:27 Elite Skirmisher
37:28 Heavy Plow
39:37 Gambesons
41:15 Bodkin Arrow
41:35 Leather Archer Armor
43:48 Pikeman
46:40 Chain Mail Armor
Chaosjut
0:27 Loom
14:38 Feudal Age
15:54 Wheelbarrow
15:02 Horse Collar
15:11 Double-Bit Axe
15:18 Gold Mining
15:23 Stone Mining
14:57 Man-at-Arms
15:53 Arson
23:23 Forging
23:14 Scale Mail Armor
25:25 Castle Age
28:14 Iron Casting
27:54 Chain Mail Armor
28:01 Hand Cart
27:19 Long Swordsman
28:07 Gambesons
28:01 Pikeman
42:40 Imperial Age
42:10 Gold Shaft Mining
42:12 Stone Shaft Mining
44:47 Blast Furnace
44:17 Plate Mail Armor
43:13 Two-Handed Swordsman
46:20 Conscription
46:30 Capped Ram
bentkovskoy
3:47 Loom
13:47 Feudal Age
20:35 Castle Age
20:51 Double-Bit Axe
28:23 Wheelbarrow
30:16 Town Watch
32:38 Bow Saw
32:20 Gold Mining
32:21 Stone Mining
32:15 Horse Collar
33:58 Town Patrol
35:25 Ballistics
39:19 Forging
39:17 Scale Barding Armor
41:16 Fletching
45:29 Imperial Age
45:29 Hand Cart
artav001
13:01 Feudal Age
14:57 Wheelbarrow
14:28 Double-Bit Axe
20:44 Castle Age
22:45 Hand Cart
28:24 Bow Saw
28:34 Town Watch
30:48 Horse Collar
31:53 Heavy Plow
37:55 Forging
37:45 Scale Mail Armor
38:04 Town Patrol
39:05 Caravan
39:16 Atlatl
39:39 Gold Mining
39:43 Stone Mining
41:56 Chain Mail Armor
45:13 Stone Shaft Mining
45:18 Gold Shaft Mining
45:35 Iron Casting
44:51 Fletching
45:01 Padded Archer Armor
48:16 Imperial Age
45:34 Treadmill Crane
46:15 Ballistics
45:51 Murder Holes
46:07 Fortified Wall
45:48 Guard Tower
Connection lost

Rejoining the realm…

Still unreachable

The connection could not be restored.

Session expired

The server has moved on; the page needs a fresh start.